 Dungeon Crawl Stone Soup version 0.31-a0-1300-gb6740aa4e6 (webtiles) character file.

Game seed: 6262659897164507202

538 senseless the Shield-Bearer (level 7, -1/60 HPs)
             Began as a Gnoll Fighter on Dec 18, 2023.
             Was an Initiate of Okawaru.
             Slain by t4s4d4r's ghost (6 damage)
             ... on level 5 of the Dungeon.
             The game lasted 00:08:01 (5111 turns).

senseless the Shield-Bearer (Gnoll Fighter)         Turns: 5111, Time: 00:08:01

Health: -1/60      AC: 13    Str: 18    XL:     7   Next: 26%
Magic:  10/10      EV:  8    Int:  7    God:    Okawaru [......]
Gold:   254        SH:  5    Dex: 11    Spells: 10/10 levels left

rFire   + . .        a - +0 war axe (flame)
rCold   . . .        c - +0 buckler
rNeg    . . .        o - +0 chain mail
rPois   .            h - +0 helmet
rElec   .            (no cloak)
rCorr   .            b - +0 pair of gloves
SInv    .            (no boots)
Will    .....        q - amulet of the acrobat Stlth
                     g - ring of protection from fire
HPRegen 0.30/turn    (no ring)
MPRegen 0.12/turn

%: acrobat
@: no status effects
A: fangs 1, strong nose, distributed training
a: Renounce Religion


You were on level 5 of the Dungeon.
You worshipped Okawaru.
Okawaru was noncommittal.
You visited 1 branch of the dungeon, and saw 5 of its levels.

You collected 254 gold pieces.

Inventory:

Hand Weapons
 a - a +0 war axe of flaming (weapon)
 u - a +0 orcbow
Missiles
 p - 2 curare-tipped darts
Armour
 b - a +0 pair of gloves (worn)
 c - a +0 buckler (worn)
 h - a +0 helmet (worn)
 j - a +2 robe of resistance
 o - a +0 chain mail (worn)
Jewellery
 g - a ring of protection from fire (left hand)
 q - an amulet of the acrobat (around neck)
Talismans
 e - a maw talisman
Wands
 n - a wand of paralysis (13) (quivered)
 r - a wand of roots (8)
Scrolls
 s - a scroll of teleportation
Potions
 d - a potion of might
 i - a potion of haste
 k - 2 potions of brilliance
 m - 2 potions of mutation {unknown}
 t - a potion of degeneration {unknown}


   Skills:
 + Level 7.0 Fighting
 + Level 2.4 Short Blades
 + Level 2.4 Long Blades
 + Level 5.2 Axes
 + Level 2.4 Maces & Flails
 + Level 2.4 Polearms
 + Level 2.4 Staves
 + Level 2.4 Ranged Weapons
 + Level 2.4 Throwing
 + Level 7.0 Armour
 + Level 2.4 Dodging
 + Level 2.4 Stealth
 + Level 7.0 Shields
 + Level 2.4 Unarmed Combat
 + Level 2.4 Spellcasting
 + Level 2.0 Conjurations
 + Level 2.0 Hexes
 + Level 2.0 Summonings
 + Level 2.0 Necromancy
 + Level 2.0 Translocations
 + Level 2.0 Transmutations
 + Level 2.0 Fire Magic
 + Level 2.0 Ice Magic
 + Level 2.0 Air Magic
 + Level 2.0 Earth Magic
 + Level 2.0 Poison Magic
 + Level 2.7 Invocations
 + Level 2.4 Evocations
 + Level 2.2 Shapeshifting


You had 10 spell levels left.
You didn't know any spells.
Your spell library contained the following spells:

 Spells                   Type           Power      Damage    Failure   Level
 Apportation              Tloc           6%         N/A       83%         1
 Freeze                   Ice            12%        1d3       83%         1
 Necrotise                Necr           12%        1d4       83%         1
 Frozen Ramparts          Ice            6%         1d1       99%         3
 Hailstorm                Conj/Ice       3%         3d5       99%         3
 Ozocubu's Armour         Ice            3%         N/A       99%         3
 Ozocubu's Refrigeration  Ice            1%         4d7       100%        7
 Summon Small Mammal      Summ           Unusable   N/A       N/A         1

Dungeon Overview and Level Annotations

Branches:
Dungeon (5/15)             Temple (0/1) D:5

Altars:
Okawaru
Sif Muna
Zin

Annotations:
D:5 1 runed translucent door, t4s4d4r's ghost, amateur DgFi


Innate Abilities, Weirdness & Mutations

You have very sharp teeth.
Your uncanny sense of smell can sniff out nearby items.
Your experience applies equally to all skills.


Message History

You slash t4s4d4r's ghost! You burn t4s4d4r's ghost.
T4s4d4r's ghost is almost destroyed.
You hit the worm but do no damage.
T4s4d4r's ghost hits you but does no damage.
The worm bites you. T4s4d4r's ghost hits you.
You are too injured to fight recklessly!
You are too injured to fight recklessly!
You are too injured to fight recklessly!
You are too injured to fight recklessly!
You are too injured to fight recklessly!
You closely miss t4s4d4r's ghost.
T4s4d4r's ghost is almost destroyed.
You hit the worm. You burn the worm.
T4s4d4r's ghost says very slowly, "There's no hope."
T4s4d4r's ghost hits you!
You hit t4s4d4r's ghost but do no damage.
You bite t4s4d4r's ghost.
T4s4d4r's ghost is almost destroyed.
You slash the worm! You burn the worm. The worm barely misses you.
T4s4d4r's ghost hits you.
* * * LOW HITPOINT WARNING * * *
You hit t4s4d4r's ghost but do no damage.
T4s4d4r's ghost is almost destroyed.
You hit the worm. You burn the worm. T4s4d4r's ghost hits you!
* * * LOW HITPOINT WARNING * * *
The worm splashes around in the water.
You feel better. T4s4d4r's ghost closely misses you. The worm bites you!
* * * LOW HITPOINT WARNING * * *
You barely miss t4s4d4r's ghost.
T4s4d4r's ghost is almost destroyed.
You hit the worm. You burn the worm.
You kill the worm!
Okawaru accepts your kill.
T4s4d4r's ghost hits you but does no damage.
T4s4d4r's ghost hits you.
* * * LOW HITPOINT WARNING * * *
You barely miss t4s4d4r's ghost.
T4s4d4r's ghost is almost destroyed.
T4s4d4r's ghost hits you.
You die...

####......#.......#'###.....#....
..#.......#.......#...##'####....
..#.......#.......#....#...'.....
..#.......#.......#....#...#..§§≈
..........#.......#....#...##.§§.
.#........#.......#...##...#..≈§♣
##.##############.'...##...#..≈..
#....#~~~~~~~~~#.###+##...#..≈.♣
#....+~W~~!~~~~@.....##...'.§≈§♣
#....#~~~~~~~~W#..........#.§≈.♣
##....###########.#........#.§≈..
.#................#........#..≈≈§
.########'#......<##+#######.....
..........#......................
..........#.............)........
..........#...)..................
.##..###'##......................


You could see t4s4d4r's ghost.

Vanquished Creatures
  A scorpion (D:4)
  A jelly (D:5)
  A gnoll bouda (D:5)
  Ijyb (D:4)
  2 iguanas (D:4)
  2 orc wizards (D:4)
  11 gnolls
  5 adders
  A white imp (D:5)
  2 ufetubi (D:5)
  5 worms
  3 dart slugs (D:1)
  12 orcs
  5 bats
  4 endoplasms
  5 giant cockroaches
  8 hobgoblins
  7 jackals
  3 quokkas
  4 ball pythons
  2 frilled lizards
  5 goblins
  3 kobolds
  9 rats
102 creatures vanquished.

Notes
Turn   | Place    | Note
-------+----------+-------------------------------------------
     0 | D:1      | senseless the Gnoll Fighter began the quest for the Orb.
     0 | D:1      | Reached XP level 1. HP: 23/23 MP: 1/1
   162 | D:1      | Reached XP level 2. HP: 29/29 MP: 2/2
   508 | D:1      | Reached XP level 3. HP: 35/35 MP: 3/3
   976 | D:2      | Reached skill level 1 in Invocations
  1079 | D:2      | Reached skill level 1 in Short Blades
  1079 | D:2      | Reached skill level 1 in Long Blades
  1079 | D:2      | Reached skill level 1 in Maces & Flails
  1079 | D:2      | Reached skill level 1 in Polearms
  1079 | D:2      | Reached skill level 1 in Staves
  1079 | D:2      | Reached skill level 1 in Ranged Weapons
  1079 | D:2      | Reached skill level 1 in Throwing
  1079 | D:2      | Reached skill level 1 in Dodging
  1079 | D:2      | Reached skill level 1 in Stealth
  1079 | D:2      | Reached skill level 1 in Unarmed Combat
  1079 | D:2      | Reached skill level 1 in Spellcasting
  1079 | D:2      | Reached skill level 1 in Evocations
  1285 | D:2      | Reached skill level 1 in Shapeshifting
  1285 | D:2      | Reached XP level 4. HP: 18/41 MP: 5/5
  1497 | D:2      | Found a faded altar of an unknown god.
  1768 | D:2      | Reached skill level 1 in Conjurations
  1768 | D:2      | Reached skill level 1 in Hexes
  1768 | D:2      | Reached skill level 1 in Summonings
  1768 | D:2      | Reached skill level 1 in Necromancy
  1768 | D:2      | Reached skill level 1 in Translocations
  1768 | D:2      | Reached skill level 1 in Transmutations
  1768 | D:2      | Reached skill level 1 in Fire Magic
  1768 | D:2      | Reached skill level 1 in Ice Magic
  1768 | D:2      | Reached skill level 1 in Air Magic
  1768 | D:2      | Reached skill level 1 in Earth Magic
  1768 | D:2      | Reached skill level 1 in Poison Magic
  2199 | D:3      | Reached XP level 5. HP: 47/47 MP: 6/6
  2274 | D:3      | Found a glowing silver altar of Zin.
  3330 | D:4      | Reached XP level 6. HP: 46/53 MP: 8/8
  3372 | D:4      | Found an iron altar of Okawaru.
  3469 | D:4      | Became a worshipper of Warmaster Okawaru
  3509 | D:4      | Reached skill level 5 in Axes
  3760 | D:4      | Noticed Ijyb
  3775 | D:4      | Killed Ijyb
  4088 | D:5      | Entered Level 5 of the Dungeon
  4091 | D:5      | Found a staircase to the Ecumenical Temple.
  4199 | D:5      | Found a runed translucent door.
  4201 | D:5      | Noticed t4s4d4r's ghost (amateur DgFi)
  4375 | D:5      | Found a runed translucent door.
  4398 | D:5      | Reached XP level 7. HP: 49/59 MP: 10/10
  4456 | D:5      | Found a shimmering blue altar of Sif Muna.
  5111 | D:5      | Slain by t4s4d4r's ghost

Illustrated notes

Levels and vault maps discovered:
D:1:      pf_arrival_petrified_forest, layout_loops_corners, serial_bayou_lake_a
D:2:      layout_loops_ring, chequers_ecumenical_altar_simple_redux
D:3:      layout_loops_ring, mainiacjoe_overflow_alcove_2, portal_sewer_entry_e
D:4:      layout_loops_corners, mainiacjoe_overflow_alcove_4, uniq_ijyb
D:5:      layout_gridville, mainiacjoe_overflow_brackets,
          minmay_temple_entry_statues, ebering_ghost_sewer_f, moated_statue

Skill      XL: |  1  2  3  4  5  6  7 |
---------------+----------------------+-----
Invocations    | 1 2 |  2.7
Short Blades   | 1 2 |  2.4
Long Blades    | 1 2 |  2.4
Maces & Flails | 1 2 |  2.4
Polearms       | 1 2 |  2.4
Staves         | 1 2 |  2.4
Ranged Weapons | 1 2 |  2.4
Throwing       | 1 2 |  2.4
Dodging        | 1 2 |  2.4
Stealth        | 1 2 |  2.4
Unarmed Combat | 1 2 |  2.4
Spellcasting   | 1 2 |  2.4
Evocations     | 1 2 |  2.4
Shapeshifting  | 1 2 |  2.2
Conjurations   | 1 2 |  2.0
Hexes          | 1 2 |  2.0
Summonings     | 1 2 |  2.0
Necromancy     | 1 2 |  2.0
Translocations | 1 2 |  2.0
Transmutations | 1 2 |  2.0
Fire Magic     | 1 2 |  2.0
Ice Magic      | 1 2 |  2.0
Air Magic      | 1 2 |  2.0
Earth Magic    | 1 2 |  2.0
Poison Magic   | 1 2 |  2.0
Axes           | 5 |  5.2
Fighting       | 7 |  7.0
Armour         | 7 |  7.0
Shields        | 7 |  7.0

Action                     |  1- 3 |  4- 6 |  7- 9 || total
---------------------------+-------+-------+-------++-------
  Melee: War axe           |   113 |   188 |    42 ||   343
         Bite              |     9 |    14 |     4 ||    27
    Use: Scroll            |       |     8 |     1 ||     9
         Potion            |       |       |     3 ||     3
 Armour: Scale mail        |    99 |    71 |       ||   170
         Chain mail        |       |    70 |    58 ||   128
         Robe              |       |     1 |       ||     1
  Dodge: Dodged            |    72 |    90 |    26 ||   188
  Block: Buckler           |    38 |    49 |    15 ||   102

Table legend: (Time is in decaauts)
 A = Elapsed time spent in this place.
 B = Non-inter-level travel time spent in this place.
 C = Inter-level travel time spent in this place.
 D = Time resting spent in this place.
 E = Time spent auto-exploring this place.
 F = Levels seen in this place.
 G = Mean time per level.
                   A        B        C        D        E       F      G
               +--------+--------+--------+--------+--------+-----+--------+
         Total |   5237 |   4967 |    270 |    144 |   3821 |   5 | 1047.4 |
       Dungeon |   5237 |   4967 |    270 |    144 |   3821 |   5 | 1047.4 |
               +--------+--------+--------+--------+--------+-----+--------+

Top non-repeatable levels by time:
     D:4: 1185 daAuts
     D:1: 1063 daAuts
     D:5: 1039 daAuts
     D:3: 1001 daAuts
     D:2: 948 daAuts
